Map: Simulacrum LE

Players

INnoVation - Winner!

  • Race: Terran Terran
  • Spawn Location: 11:00

AgoElazer (Elazer)

  • Race: Zerg Zerg
  • Spawn Location: 5:00

Event: Shopify TSL 5

VOD

Have the link to the VOD?

Description

Time

  • Played on: June 6, 2020, 9:21 a.m.
  • Length: 6:24

All games in this series

Show
View Real Time Build Order
Export as new Build Order

INnoVation Terran - Winner!

Build Orders: Hellion Banshee 

Get SALT Encoding   

  12  0:00  SCV  
  13  0:13  SCV  
  14  0:17  Supply Depot  
  14  0:25  SCV  
  15  0:39  Barracks  
  15  0:50  Barracks  
  15  0:54  SCV  
  16  1:00  Refinery  
  16  1:06  SCV  
  17  1:18  SCV  
  18  1:26  Marine  
  18  1:31  Orbital Command  
  19  1:36  Supply Depot  
  19  1:37  Marine  
  20  1:44  Marine  
  21  1:54  Marine  
  21  1:56  SCV  
  23  2:01  Marine  
  24  2:11  SCV  
  24  2:12  Marine  
  24  2:14  Factory  
  26  2:17  Bunker  
  26  2:19  Marine  
  27  2:24  Bunker  
  27  2:27  SCV  
  27  2:37  Marine  
  27  2:38  Marine  
  27  2:39  SCV  
  26  2:51  SCV  
  26  2:55  Marine x2  
  27  2:58  Factory Reactor  
  27  3:03  Command Center  
  28  3:05  SCV  
  26  3:17  SCV  
  26  3:25  Starport  
  26  3:26  Refinery  
  25  3:29  SCV  
  26  3:36  Hellion x2  
  28  3:41  Supply Depot  
  28  3:43  SCV  
  29  3:55  SCV  
  30  4:03  Medivac  
  30  4:04  Hellion x2  
  30  4:08  SCV  
  37  4:20  SCV  
  38  4:26  Barracks Tech Lab  
  38  4:27  Hellion x2  
  42  4:33  Starport Tech Lab  
  42  4:34  Orbital Command  
  42  4:35  SCV  
  43  4:47  SCV  
  43  4:48  Supply Depot  
  44  4:54  Cloaking Field, Banshee  
  44  4:59  SCV, Barracks Reactor  
  48  5:01  SCV  
  48  5:04  Marine  
  51  5:14  SCV x2  
  51  5:15  Supply Depot  
  52  5:26  SCV x2  
  54  5:34  Command Center  
  54  5:40  SCV x2, Banshee  
  59  5:43  Supply Depot  
  59  5:48  Marine x3  
  58  5:53  SCV x2  
  60  5:59  Barracks, Factory Reactor  
  60  6:05  SCV x2, Engineering Bay  
  60  6:06  Engineering Bay  
Show
View Real Time Build Order
Export as new Build Order

AgoElazer Zerg 

Build Orders: Hatch First 

Get SALT Encoding   

  12  0:00  Drone  
  13  0:13  Overlord  
  13  0:18  Drone  
  14  0:31  Drone x2  
  16  0:49  Hatchery  
  15  0:52  Drone  
  15  0:56  Drone  
  17  0:59  Drone  
  18  1:10  Extractor  
  17  1:14  Spawning Pool  
  17  1:17  Drone  
  17  1:20  Drone  
  19  1:41  Overlord  
  19  2:01  Zergling x2  
  19  2:02  Queen, Zergling x6  
  24  2:12  Zergling x2  
  23  2:32  Drone x2  
  22  2:37  Drone  
  18  2:47  Zergling x2  
  18  2:50  Zergling x2  
  20  2:58  Drone  
  18  3:01  Drone  
  19  3:08  Zergling x2  
  19  3:10  Zergling x2  
  18  3:15  Zergling x2  
  17  3:21  Zergling x4  
  19  3:32  Queen  
  20  3:36  Drone  
  20  3:40  Drone  
  20  3:44  Drone  
  21  3:48  Drone  
  21  3:53  Drone  
  23  3:56  Drone  
  23  4:00  Drone  
  25  4:04  Drone  
  26  4:12  Drone x2  
  28  4:19  Queen  
  28  4:23  Drone  
  31  4:29  Queen  
  33  4:32  Drone  
  33  4:37  Overlord  
  34  4:39  Drone  
  34  4:43  Drone  
  36  4:47  Extractor  
  36  4:48  Drone  
  36  4:56  Queen  
  36  4:57  Spine Crawler  
  37  5:03  Zergling x4  
  37  5:05  Drone x2  
  41  5:09  Evolution Chamber  
  40  5:17  Drone x2  
  42  5:21  Drone  
  44  5:29  Overlord  
  45  5:46  Overlord  
  45  5:48  Drone x5  
  49  5:57  Drone x2  
  49  6:03  Hatchery  
  50  6:10  Drone x5  
Tags
 
Add a new tag
Caveats
  • Supply blocks, unpowered buildings, or Contaminate may cause inaccurate times.
  • Supply counts are checked every 10 seconds.